 Dungeon Crawl Stone Soup version 0.31.0-9-g3a7656b989 (webtiles) character file.

Game seed: 10038729473188882742

25 qw the Shooter (level 2, 0/14 HPs)
             Began as a Spriggan Hunter on Feb 2, 2024.
             Succumbed to Robin's poison
             ... on level 2 of the Dungeon.
             The game lasted 00:00:02 (829 turns).

qw the Shooter (Spriggan Hunter)                     Turns: 829, Time: 00:00:02

Health: 0/14       AC:  2    Str:  7    XL:     2   Next: 82%
Magic:  3/3        EV: 19    Int: 10    God:
Gold:   23         SH:  0    Dex: 18    Spells: 1/1 levels left

rFire   . . .        a - +0 shortbow
rCold   . . .        (shield currently unavailable)
rNeg    . . .        c - +0 robe
rPois   .            (helmet restricted)
rElec   .            (no cloak)
rCorr   .            (gloves unavailable)
SInv    +            (boots unavailable)
Will    .....        (no amulet)
Stlth   ++           (no ring)
HPRegen 0.22/turn    (no ring)
MPRegen 0.08/turn

%: no passive effects
@: lethally poisoned (0 -> -10), very quick
A: very small, no large weapons, unfitting armour, see invisible, speed 3
a: no special abilities


You were on level 2 of the Dungeon.
You visited 1 branch of the dungeon, and saw 2 of its levels.

You collected 23 gold pieces.


Innate Abilities, Weirdness & Mutations

You are very small and have problems with some larger weapons.
You are too small for most types of armour.
You have supernaturally acute eyesight. (SInv)
You cover ground extremely quickly. (Speed+++)


   Skills:
 - Level 1.5 Fighting
 + Level 4.3 Ranged Weapons
 - Level 4.0 Dodging
 - Level 1.5 Stealth


You had one spell level left.
You didn't know any spells.
Your spell library was empty.

Inventory:

Hand Weapons
 a - a +0 shortbow (weapon)
Armour
 c - a +0 robe (worn)
Jewellery
 g - a ring of ice
Potions
 d - a potion of haste
 e - a potion of curing

Dungeon Overview and Level Annotations

Branches:
Dungeon (2/15)

Altars:

Annotations:
D:2 Robin


Message History

The rat squeaks loudly.
The arrow hits the goblin!
You kill the goblin!
You hear a shout!
Robin roars a battlecry!
The goblins go into a battle-frenzy!
A hobgoblin comes into view.
821 ||| RETREEEEATING.
You shoot an arrow. The arrow hits the goblin.
You kill the goblin!
Robin roars a battlecry!
You hear a shout!
You shoot an arrow. The arrow barely misses Robin.
You hear a shout!
You shoot an arrow. The arrow closely misses Robin.
You shoot an arrow.
The arrow hits Robin but does no damage.
Robin hits you but does no damage.
You are poisoned.
Robin barely misses you.
You shoot an arrow. The arrow hits Robin.
Robin is heavily wounded.
You feel very sick.
Robin says, "Feeling lonely?"
Robin barely misses you.
You shoot an arrow.
The arrow hits Robin but does no damage.
Robin is heavily wounded.
You feel sick.
Robin hits you with a +2 dagger of venom.
You are lethally poisoned!
You shoot an arrow. The arrow hits Robin.
Robin is heavily wounded.
You feel very sick.
Robin hits you with a +2 dagger of venom.
A goblin comes into view. It is wielding a +0 club.
You shoot an arrow.
The arrow hits Robin but does no damage.
Robin is heavily wounded.
You die...

..........g
......g.g
#......#
#....r.+
#....g.# ###
#......# #<#
#...g..# #.#
###+#)####.#
#gg@...#
########


You could see Robin, a hobgoblin (strong) and a goblin (strong).

Vanquished Creatures
  A dart slug (D:1)
  A ball python (D:1)
  3 bats (D:1)
  3 endoplasms (D:1)
  4 goblins
  A quokka (D:1)
  A frilled lizard (D:1)
  3 kobolds (D:1)
  5 rats
22 creatures vanquished.

Notes
Turn   | Place    | Note
-------+----------+-------------------------------------------
     0 | D:1      | qw the Spriggan Hunter began the quest for the Orb.
     0 | D:1      | Reached XP level 1. HP: 10/10 MP: 2/2
     0 | D:1      | 0 ||| qw: Version: 0.3-a-155-g5e7d8dd
     0 | D:1      | 0 ||| qw: Game counter: 646
     0 | D:1      | 0 ||| qw: Melee chars always use a shield: true
     0 | D:1      | 0 ||| qw: God list: Okawaru
     0 | D:1      | 0 ||| qw: Allow faded altars: false
     0 | D:1      | 0 ||| qw: Do Orc after clearing Dungeon:15 true
     0 | D:1      | 0 ||| qw: Do second Lair branch before Depths: true
     0 | D:1      | 0 ||| qw: Lair rune preference: random
     0 | D:1      | 0 ||| qw: Goals: Normal
     0 | D:1      | 0 ||| PLANNING D:1-11
    46 | D:1      | Reached skill level 3 in Dodging
   178 | D:1      | Reached XP level 2. HP: 14/14 MP: 3/3
   780 | D:1      | 780 ||| READING scroll labelled DUNYNA NEGUM.
   780 | D:1      | 780 ||| IDENTIFYING fuming clear potion
   781 | D:1      | 781 ||| DRINKING 2 orange potions.
   782 | D:1      | 782 ||| DROPPING scroll of butterflies.
   813 | D:2      | Noticed Robin
   814 | D:2      | 814 ||| RETREEEEATING.
   818 | D:2      | 818 ||| RETREEEEATING.
   821 | D:2      | 821 ||| RETREEEEATING.
   828 | D:2      | HP: 2/14 [Robin/+2 dagger of venom (3)]
   829 | D:2      | Succumbed to Robin's poison

Levels and vault maps discovered:
D:1:      dpeg_arrival_houses_and_road, layout_basic
D:2:      layout_basic, minmay_misc_feat_encased, uniq_robin

Skill      XL: |  1  2 |
---------------+-------+-----
Dodging        | 3 4 |  4.0
Fighting       | |  1.5
Ranged Weapons | |  4.3
Stealth        | |  1.5

Action                     || total
---------------------------++-------
   Fire: Shortbow          ||    51
    Use: Scroll            ||     1
         Potion            ||     1
 Armour: Robe              ||     5
  Dodge: Dodged            ||     5

Table legend:
 A = Non-vault XP
 B = Vault XP
 C = Vault XP percentage of total XP
 D = Non-vault monster count
 E = Vault monster count
 F = Vault count percentage of total count
                 A         B        C        D         E       F
            +---------+---------+-------+---------+---------+-------
      Total |      30 |       6 |  16.7 |      19 |       3 |  13.6
            +---------+---------+-------+---------+---------+-------
        D:1 |      29 |       0 |   0.0 |      18 |       0 |   0.0
        D:2 |       1 |       6 |  85.7 |       1 |       3 |  75.0
            +---------+---------+-------+---------+---------+-------
